 Dungeon Crawl Stone Soup version 0.28.0-45-g0d030f2227 (webtiles) character file.

Game seed: 6257595042992254236

3 cbfl8 the Sneak (level 1, -6/20 HPs)
             Began as a Minotaur Delver on Apr 16, 2022.
             Killed by nerve-wracking pain
             ... invoked by a shadow imp
              (8 damage)
             ... on level 5 of the Dungeon.
             The game lasted 00:00:40 (117 turns).

cbfl8 the Sneak (Minotaur Delver)                    Turns: 117, Time: 00:00:40

Health: -6/20      AC:  3    Str: 16    XL:     1   Next: 41%
Magic:  0/0        EV: 11    Int:  7    God:
Gold:   7          SH:  0    Dex: 11    Spells: 0/0 levels left

rFire   . . .      SeeInvis .   i - +1 hand axe (freeze)
rCold   . . .      Faith    .   (no shield)
rNeg    . . .      Spirit   .   b - +0 leather armour
rPois   .          Reflect  .   (helmet restricted)
rElec   .          Harm     .   (no cloak)
rCorr   .          Rampage  .   (no gloves)
Will    .....                   (no boots)
Stlth   ++........              (no amulet)
HPRegen 0.06/turn               (no ring)
MPRegen 0.07/turn               (no ring)

@: no status effects
A: horns 2, retaliatory headbutt
a: no special abilities


You were on level 5 of the Dungeon.
You visited 1 branch of the dungeon, and saw 1 of its levels.

You collected 7 gold pieces.

Inventory:

Hand Weapons
 a - a +0 hand axe
 i - a +1 hand axe of freezing (weapon)
Armour
 b - a +0 leather armour (worn)
Wands
 g - a wand of digging (3)
Scrolls
 c - a scroll of fog
 d - a scroll of magic mapping
 e - a scroll of fear
Potions
 f - a potion of haste


   Skills:
 + Level 3.6 Fighting
 + Level 2.4 Axes
 + Level 2.2 Dodging
 + Level 4.2 Stealth


You couldn't memorise any spells.
You didn't know any spells.
Your spell library was empty.

Dungeon Overview and Level Annotations

Branches:
Dungeon (5/15)
 Temple: D:4-7

Altars:
Uskayaw


Innate Abilities, Weirdness & Mutations

You have a pair of horns on your head.
You reflexively headbutt those who attack you in melee.


Message History

A worm comes into view.
An orc comes into view.
It is wielding a +0 dagger and wearing a +3 ring mail of cold resistance.
Found a stone staircase leading up.
A shadow imp comes into view.
The shadow imp shouts, "Kneel, thou craven dismal-dreaming cloven-toed!"
Found a leather armour.
The shadow imp gestures at you. Pain shoots through your body!
The shadow imp shouts, "Give up, thou bootless mumble-news cattle!"
The shadow imp gestures at you. Pain shoots through your body!
Ouch! That really hurt!
* * * LOW HITPOINT WARNING * * *
The worm closely misses you.
You hit the worm. You freeze the worm. You headbutt the worm.
The worm is heavily wounded.
You hit the worm. You freeze the worm.
The worm is severely wounded.
The worm bites you.
* * * LOW HITPOINT WARNING * * *
You hit the worm. You freeze the worm. You headbutt the worm.
You kill the worm!
You see here a worm corpse.
There is a hide-covered altar of Uskayaw here.
A shadow imp is nearby!
A shadow imp is nearby!
A shadow imp is nearby!
There is a hide-covered altar of Uskayaw here.
The shadow imp gestures at you. Pain shoots through your body!
* * * LOW HITPOINT WARNING * * *
The shadow imp gestures at you. Pain shoots through your body!
* * * LOW HITPOINT WARNING * * *
As you read the scroll labelled IBIRPH DIHA, it crumbles to dust.
It is a scroll of amnesia.
You feel forgetful for a moment. The shadow imp gestures at you.
Pain shoots through your body!
You die...

......< ..# #.####.
#.....###.####### #......
......##.##....# #######
#............##.#......
#####.≈≈≈§≈≈≈≈≈.....#...###
#.....§.........# #...#(.
#.....≈.≈≈≈≈≈.≈.#####...#..
#.....≈.≈...≈.≈.'.......###
#####5≈.≈.@.≈.≈.#########
#.≈.≈...≈.≈.#
##.≈.§†≈≈≈.≈.#
#..§.......≈.#
#..≈≈≈≈≈≈≈≈§.#
#...[........#
#............#
####.........# #.........#


You could see a shadow imp.

Vanquished Creatures
  A worm (D:5)
1 creature vanquished.

Notes
Turn   | Place    | Note
-------+----------+-------------------------------------------
     0 | D:5      | cbfl8 the Minotaur Delver began the quest for the Orb.
     0 | D:5      | Reached XP level 1. HP: 19/19 MP: 0/0
    74 | D:5      | Found a hide-covered altar of Uskayaw.
   117 | D:5      | Killed from afar by a shadow imp

Illustrated notes

Levels and vault maps discovered:
D:5:      layout_basic, general_overflow_altar,
          mainiacjoe_overflow_concentric_impassable, uniq_blork_the_orc,
          uniq_menkaure

Action                   || total
-------------------------++-------
Melee: Hand axe          ||     3
       Headbutt          ||     2
  Use: Scroll            ||     1
Dodge: Dodged            ||     1
